 Dungeon Crawl Stone Soup version 0.32-a0-705-g60f233581c (webtiles) character file.

Game seed: 2614717953531816081

37 shadizar the Magician (level 3, -3/25 HPs)
             Began as a Djinni Earth Elementalist on Mar 14, 2024.
             Killed by nerve-wracking pain
             ... invoked by Jessica
              (10 damage)
             ... on level 3 of the Dungeon.
             The game lasted 00:01:09 (1141 turns).

shadizar the Magician (Djinni Earth Elementalist)   Turns: 1141, Time: 00:01:10

Health: -3/25      AC:  2    Str:  7    XL:     3   Next: 60%
Gold:   121        EV: 11    Int: 18    God:
                   SH:  0    Dex: 13

rFire   + + .        (no weapon)
rCold   x . .        (no shield)
rNeg    . . .        a - +0 robe
rPois   ∞            (no helmet)
rElec   .            (no cloak)
rCorr   .            (no gloves)
SInv    .            (boots unavailable)
Will    .....        (no amulet)
Stlth   ++           (no ring)
HPRegen 0.24/turn    (no ring)
MPRegen 0.00/turn

%: infuse magic (-4 HP)
@: flying
A: sickness immunity, fire resistance 2, cold vulnerability 1, float, innate
caster, HP casting, extra vitality 1
a: no special abilities


You were on level 3 of the Dungeon.
You visited 1 branch of the dungeon, and saw 3 of its levels.

You collected 121 gold pieces.

Inventory:

Missiles
 c - 3 throwing nets
Armour
 a - a +0 robe (worn)
 m - a +0 pair of gloves
Scrolls
 e - a scroll of blinking {unknown}
 g - a scroll of revelation {unknown}
 h - a scroll of noise {unknown}
 i - 2 scrolls of amnesia {unknown}
 j - 2 scrolls of teleportation {unknown}
 k - a scroll of identify {unknown}
Potions
 b - a potion of heal wounds
 d - a potion of magic {unknown}
 f - a potion of haste {unknown}
 l - 2 potions of curing {unknown}


   Skills:
 + Level 2.9 Dodging
 + Level 2.2 Stealth
 + Level 3.4 Spellcasting
 + Level 3.4 Conjurations
 + Level 3.4 Hexes
 + Level 3.4 Summonings
 + Level 3.4 Necromancy
 + Level 3.4 Translocations
 + Level 3.4 Fire Magic
 + Level 3.4 Ice Magic
 + Level 3.4 Air Magic
 + Level 3.4 Earth Magic
 + Level 3.4 Alchemy


You knew the following spells:

 Your Spells              Type           Power      Damage    Failure   Level
a - Sandblast             Erth           30%        2d9       3%          1
b - Passwall              Erth           15%        N/A       12%         3
c - Stone Arrow           Conj/Erth      30%        3d8       12%         3
d - Petrify               Alch/Erth      15%        N/A       36%         4
e - Brom's Barrelling Bo  Conj/Erth      15%        2d4       36%         4
f - Foxfire               Conj/Fire      60%        2x1d7     3%          1
Your spell library was empty.

Dungeon Overview and Level Annotations

Branches:
Dungeon (2/15)

Altars:

Annotations:
D:3 Jessica, Natasha


Innate Abilities, Weirdness & Mutations

You are immune to sickness and miasma.
You are immune to poison.
Your flesh is very heat resistant. (rF++)
You are vulnerable to cold. (rC-)
You float through the air rather than walking.
You learn spells naturally, not from books.
Your magical power is your life essence.
You have superior vitality. (+4 MHP)


Message History

Confirm with . or Enter, or press ? or * to list all spells.
Aiming: Sandblast (safe; 3% risk of failure)
Press: ? - help, Shift-Dir - straight line, f/p - kobold
Aim: a kobold, wielding a +1 dagger of protection and quivering poisoned darts (severely wounded, 77% to hit)
The blast of sand hits the kobold but does no damage.
The kobold is severely wounded.
Unknown command.
Unknown command.
Unknown command.
Unknown command.
Unknown command.
Unknown command.
Casting: Sandblast (safe; 3% risk of failure)
Confirm with . or Enter, or press ? or * to list all spells.
Okay, then.
Casting: Sandblast (safe; 3% risk of failure)
Confirm with . or Enter, or press ? or * to list all spells.
You conjure some foxfire!
Natasha claws you.
* * * LOW HITPOINT WARNING * * *
The cerulean imp barely misses you.
The foxfire hits the kobold but does no damage.
The kobold is severely wounded.
Unknown command.
Unknown command.
Unknown command.
The foxfire hits Natasha.
Natasha is lightly wounded.
Natasha attacks as she pursues you! Natasha claws you but does no damage.
The cerulean imp hits you from afar with a +1 spear.
* * * LOW HITPOINT WARNING * * *
It was a potion of heal wounds.
You feel much better. Natasha claws you.
The cerulean imp hits you from afar with a +1 spear.
Unknown command.
Unknown command.
Natasha claws you but does no damage.
The kobold hits you with a +1 dagger of protection.
* * * LOW HITPOINT WARNING * * *
Jessica casts a spell at you. Pain shoots through your body!
You die...

....#...## .
#.........#+##...
#.#.#...........####.#
#...#.................
...........(..........
........................
........##.##..........
........#...#.....# ..
.........._.@...### .#
........#...#.h...#..#
......#.##.##@K5..#..#
......#..............#
......#....##..>..##.#
......#...###.........#
..... #... ###.#.....#
..g. #...# #.#........
#... #.#........


You could see Natasha, a cerulean imp (summoned), Jessica and a kobold.

Vanquished Creatures
  A ribbon worm (D:2)
  A dart slug (D:1)
  3 ball pythons (D:1)
  4 endoplasms
  5 hobgoblins
  A kobold (D:1)
  3 quokkas (D:2)
  4 bats
  2 frilled lizards (D:1)
  2 goblins
  3 rats
29 creatures vanquished.

Vanquished Creatures (others)
  A foxfire (D:3)
1 creature vanquished.

Grand Total: 30 creatures vanquished

Notes
Turn   | Place    | Note
-------+----------+-------------------------------------------
     0 | D:1      | shadizar the Djinni Earth Elementalist began the quest for
                  | the Orb.
     0 | D:1      | shadizar set off with the following spells memorised:
                  | Sandblast, Passwall, Stone Arrow, Petrify, Brom's
                  | Barrelling Boulder.
     0 | D:1      | Reached XP level 1. HP: 15/15 MP: 0/0
   145 | D:1      | Reached XP level 2. HP: 20/21 MP: 0/0
   623 | D:2      | Reached XP level 3. HP: 23/25 MP: 0/0
   623 | D:2      | Learned a level 1 spell: Foxfire
  1105 | D:2      | You are sucked into a shaft and drop 1 floor!
  1109 | D:3      | Found a faded altar of an unknown god.
  1124 | D:3      | Noticed Jessica
  1130 | D:3      | Noticed Natasha
  1138 | D:3      | HP: 1/25 [cerulean imp/+1 spear[Natasha] (5)]
  1141 | D:3      | Killed from afar by Jessica

Illustrated notes

Levels and vault maps discovered:
D:1:      minmay_arrival_three_doors, layout_rooms, dreamdust_mushroom_princess,
          st_stairs_12, minmay_misc_feat_roman, grunt_decor_fettered
D:2:      layout_loops_ring, nicolae_underground_beach
D:3:      layout_basic, ebering_ecumenical_altar_box, uniq_ijyb, uniq_jessica,
          uniq_natasha, uniq_pargi

Skill      XL: |  1  2 |
---------------+-------+-----
Stealth        | 2 |  2.2
Dodging        | |  2.9
Spellcasting   | |  3.4
Conjurations   | |  3.4
Hexes          | |  3.4
Summonings     | |  3.4
Necromancy     | |  3.4
Translocations | |  3.4
Fire Magic     | |  3.4
Ice Magic      | |  3.4
Air Magic      | |  3.4
Earth Magic    | |  3.4
Alchemy        | |  3.4

Action                     || total
---------------------------++-------
  Melee: Unarmed           ||     2
   Cast: Sandblast         ||    56
         Foxfire           ||     1
    Use: Potion            ||     1
 Armour: Robe              ||    22
  Dodge: Dodged            ||    21

Table legend: (Time is in decaauts)
 A = Elapsed time spent in this place.
 B = Non-inter-level travel time spent in this place.
 C = Inter-level travel time spent in this place.
 D = Time resting spent in this place.
 E = Time spent auto-exploring this place.
 F = Levels seen in this place.
 G = Mean time per level.
                   A        B        C        D        E       F      G
               +--------+--------+--------+--------+--------+-----+--------+
         Total |   1168 |   1156 |     12 |      0 |    951 |   3 |  389.3 |
       Dungeon |   1168 |   1156 |     12 |      0 |    951 |   3 |  389.3 |
               +--------+--------+--------+--------+--------+-----+--------+

Top non-repeatable levels by time:
     D:2: 652 daAuts
     D:1: 474 daAuts
     D:3: 41 daAuts
